 Dungeon Crawl Stone Soup version 0.28-a0-983-g1de4e0787c (webtiles) character file.

Game seed: 8252393956706626252

12352 Htamos the Fighter (level 11, 0/110 (111) HPs)
             Began as a Hill Orc Monk on Dec 3, 2021.
             Was a Believer of Beogh (penitent).
             Slain by a komodo dragon (2 damage)
             ... on level 12 of the Dungeon.
             The game lasted 00:23:30 (15214 turns).

Htamos the Fighter (Hill Orc Monk)                 Turns: 15214, Time: 00:23:30

HP:   0/110 (111)   AC: 16    Str: 15    XL:     11   Next: 92%
MP:   19/19         EV: 10    Int:  8    God:    Beogh [*]
Gold: 533           SH:  0    Dex: 17    Spells: 10/10 levels left

rFire   . . .      SeeInvis .   i - +8 short sword of the Lusting Visionary {speed, rElec}
rCold   + . .      Faith    .   (no shield)
rNeg    . . .      Spirit   .   A - +0 plate armour
rPois   +          Reflect  .   m - +0 helmet
rElec   +          Harm     .   E - +0 cloak
rCorr   .          Rampage  .   (no gloves)
Will    .....                   (no boots)
Stlth   ..........              y - amulet of the acrobat
HPRegen 0.28/turn               q - ring of poison resistance
MPRegen 0.16/turn               e - +4 ring of evasion

@: lightly drained
A: cold resistance 1, dopey 1
a: Renounce Religion


You were on level 12 of the Dungeon.
You worshipped Beogh.
Beogh was demanding penance.
You visited 2 branches of the dungeon, and saw 13 of its levels.

You collected 647 gold pieces.
You spent 114 gold pieces at shops.

Inventory:

Hand Weapons
 a - a +0 hand axe
 i - the +8 short sword of the Lusting Visionary (weapon) {speed, rElec}
   (You found it on level 2 of the Dungeon)

   Attacks with this weapon are significantly faster.
   rElec:     It insulates you from electricity.
 x - a +1 war axe
 N - a +2 hand axe of freezing
Missiles
 f - 44 poisoned darts (quivered)
 o - 3 throwing nets
Armour
 b - a +0 robe
 c - a +0 ring mail of cold resistance
 d - a +0 ring mail
 m - a +0 helmet (worn)
 p - a +0 chain mail
 t - a +1 hat of intelligence
 A - a +0 plate armour (worn)
 E - a +0 cloak (worn)
 M - the +5 robe of Privacy {Dex+5}
   (You found it on level 10 of the Dungeon)

   Dex:       It affects your dexterity (+5).
Jewellery
 e - a +4 ring of evasion (right hand)
 q - a ring of poison resistance (left hand)
 y - an amulet of the acrobat (around neck)
 F - an amulet of guardian spirit
 G - a ring of ice
Wands
 g - a wand of flame (14)
 h - a wand of digging (6)
 k - a wand of mindburst (2)
 l - a wand of paralysis (3)
 r - a wand of charming (25)
Scrolls
 n - 2 scrolls of fog
 v - 2 scrolls of blinking
 B - a scroll of summoning
 D - a scroll of immolation
 J - 3 scrolls of identify {@rr}
Potions
 j - 3 potions of flight
 s - 4 potions of curing {@qc}
 w - 2 potions of mutation
 z - 2 potions of ambrosia
 H - 4 potions of brilliance
 K - a potion of berserk rage
 L - 2 potions of heal wounds
Miscellaneous
 C - a box of beasts


   Skills:
 * Level 14.5 Fighting
 + Level 11.6 Axes
 + Level 8.2 Armour
 - Level 2.4 Dodging
 - Level 1.5 Stealth
 * Level 11.6 Invocations


You had 10 spell levels left.
You didn't know any spells.
Your spell library contained the following spells:

 Spells                   Type           Power      Damage    Failure   Level
 Animate Skeleton         Necr           0%         N/A       100%        1
 Apportation              Tloc           0%         N/A       100%        1
 Sandblast                Erth           0%         2d4       100%        1
 Summon Small Mammal      Summ           0%         N/A       100%        1
 Call Imp                 Summ           0%         N/A       100%        2
 Ensorcelled Hibernation  Hex/Ice        0%         N/A       100%        2
 Passwall                 Tmut/Erth      0%         N/A       100%        2
 Sublimation of Blood     Necr           0%         N/A       100%        2
 Wereblood                Tmut           0%         N/A       100%        2
 Ignite Poison            Fire/Tmut/Pois 0%         N/A       100%        3
 Mephitic Cloud           Conj/Pois/Air  0%         N/A       100%        3
 Spider Form              Tmut/Pois      0%         N/A       100%        3
 Stone Arrow              Conj/Erth      0%         3d7       100%        3
 Flame Wave               Conj/Fire      0%         2d4       100%        4
 Fulminant Prism          Conj/Hex       0%         3d6       100%        4
 Iskenderun's Mystic Bla  Conj/Tloc      0%         2d3       100%        4
 Petrify                  Tmut/Erth      0%         N/A       100%        4
 Sticky Flame             Conj/Fire      0%         2d3       100%        4
 Freezing Cloud           Conj/Ice/Air   0%         6-21      100%        5
 Lee's Rapid Deconstruct  Erth           0%         3d5*      100%        5
 Metabolic Englaciation   Hex/Ice        0%         N/A       100%        5
 Statue Form              Tmut/Erth      0%         N/A       100%        6
 Malign Gateway           Summ/Tloc      0%         N/A       100%        7
 Summon Hydra             Summ           0%         N/A       100%        7


Dungeon Overview and Level Annotations

Branches:
Dungeon (12/15)            Temple (1/1) D:6            Lair (0/6) D:8
    Orc (0/2) D:11

Altars:
Ashenzari
Cheibriados
Dithmenos
Elyvilon
Fedhas
Gozag
Hepliaklqana
Kikubaaqudgha
Makhleb
Nemelex Xobeh
Okawaru
Qazlal
Ru
Sif Muna
Trog
Uskayaw
Vehumet
Wu Jian
Xom
Yredelemnul
Zin
The Shining One

Shops:
D:9 ?


Innate Abilities, Weirdness & Mutations

Your flesh is cold resistant. (rC+)
You are dopey. (Int -2)


Message History

The komodo dragon hisses angrily.
You hit the komodo dragon but do no damage.
You hit the komodo dragon but do no damage.
The komodo dragon barely misses you.
You closely miss the komodo dragon. The komodo dragon closely misses you.
You hit the komodo dragon.
The komodo dragon is lightly wounded.
The komodo dragon bites you!
You hit the komodo dragon.
The komodo dragon is moderately wounded.
You hit the komodo dragon.
The komodo dragon is moderately wounded.
The komodo dragon hisses menacingly.
The frilled lizard hisses angrily.
You hit the komodo dragon but do no damage.
The komodo dragon bites you!! The komodo dragon bites you.
* * * LOW HITPOINT WARNING * * *
You hit the komodo dragon.
The komodo dragon is lightly wounded.
You completely miss the komodo dragon.
The komodo dragon is lightly wounded.
The komodo dragon bites you!
* * * LOW HITPOINT WARNING * * *
The komodo dragon barely misses you.
You hit the komodo dragon.
The komodo dragon is lightly wounded.
The komodo dragon barely misses you. The komodo dragon bites you!
* * * LOW HITPOINT WARNING * * *
You hit the komodo dragon.
The komodo dragon is lightly wounded.
The komodo dragon bites you!!
* * * LOW HITPOINT WARNING * * *
You completely miss the komodo dragon.
The komodo dragon is lightly wounded.
The komodo dragon bites you!
* * * LOW HITPOINT WARNING * * *
You closely miss the komodo dragon.
The komodo dragon is lightly wounded.
The komodo dragon bites you.
You die...

#......# #......#
#....#. ..... .... #l.
##### ######l# ####...^
##....l@#########....###
#[...........)....####
#...#########.##### #..
≈≈≈≈≈ ### # ##≈≈≈##
#####


You could see 2 komodo dragons and a frilled lizard.

Vanquished Creatures
  Gastronok (D:8)
  Harold (D:7)
  2 two-headed ogres
  A death yak (D:8)
  Pikel (D:7)
  A deep elf pyromancer (D:7)
  An orc sorcerer (D:11)
  Maurice (D:8)
  An elephant (D:8)
  Maggie (D:7)
  Psyche (D:8)
  An unseen horror (D:10)
  A komodo dragon (D:12)
  An efreet (D:11)
  The ghost of bjvrkvb the Vexing, a novice SpEn (D:6)
  Sigmund (D:3)
  A wraith (D:11)
  3 yaks (D:8)
  Grum (D:9)
  A steam dragon (D:9)
  A two-headed ogre zombie (D:11)
  An acid dragon (D:11)
  Duvessa (D:4)
  3 orc warriors
  4 sky beasts
  3 black bears
  5 necrophages
  2 ogres (D:4)
  2 wolves (D:9)
  A centaur (D:6)
  3 phantoms
  2 lemures (D:7)
  5 bullfrogs
  A gnoll sergeant (D:8)
  Blork the orc (D:5)
  A scorpion (D:7)
  A wyvern skeleton (D:7)
  Dowan (D:4)
  2 killer bees (D:9)
  7 wights
  2 electric eels (D:8)
  4 howler monkeys
  7 centaur zombies
  3 bullfrog zombies
  A hound (D:4)
  An orc priest (D:7)
  2 jellies
  A bullfrog skeleton (D:4)
  An orc wizard (D:8)
  A human zombie (D:8)
  Ijyb (D:5)
  Terence (D:3)
  An iguana (D:6)
  5 ogre zombies (D:11)
  A hound zombie (D:5)
  3 mummies
  3 howler monkey zombies
  6 adders
  11 gnolls
  A white imp (D:7)
  2 ufetubi
  2 adder skeletons
  4 worms
  2 dart slugs (D:1)
  14 orcs
  5 bats
  6 endoplasms
  6 giant cockroaches
  3 hobgoblins
  3 quokkas
  6 ball pythons
  5 frilled lizards
  5 goblins
  A goblin skeleton (D:11)
  A goblin zombie (D:11)
  A hobgoblin zombie (D:11)
  6 kobolds
  An orc skeleton (D:11)
  11 orc zombies (D:11)
210 creatures vanquished.

Vanquished Creatures (collateral kills)
  An orc warrior (D:9)
  2 ogre zombies (D:11)
  3 orc zombies (D:11)
6 creatures vanquished.

Vanquished Creatures (others)
  2 killer bees (D:9)
  10 plants (D:12)
12 creatures vanquished.

Grand Total: 228 creatures vanquished

Notes
Turn   | Place    | Note
-------+----------+-------------------------------------------
     0 | D:1      | Htamos the Hill Orc Monk began the quest for the Orb.
     0 | D:1      | Reached XP level 1. HP: 19/19 MP: 1/1
     6 | D:1      | Noticed a black mamba
     6 | D:1      | Noticed a wolf
     6 | D:1      | Noticed a black bear
     6 | D:1      | Noticed a killer bee
   272 | D:1      | Found a faded altar of an unknown god.
   286 | D:1      | Reached skill level 4 in Fighting
   360 | D:1      | Reached XP level 2. HP: 19/27 MP: 2/2
  1034 | D:1      | Reached XP level 3. HP: 9/34 MP: 3/3
  1537 | D:1      | Reached skill level 5 in Fighting
  1760 | D:1      | Reached XP level 4. HP: 10/42 MP: 4/4
  2033 | D:1      | Reached skill level 5 in Axes
  2885 | D:2      | Identified the +8 short sword of the Lusting Visionary
                  | {speed, rElec}
  3138 | D:3      | Got the Handbook of Supportive Ignition
  3150 | D:3      | Noticed Sigmund
  3172 | D:3      | Killed Sigmund
  3173 | D:3      | Reached skill level 6 in Fighting
  3173 | D:3      | Reached XP level 5. HP: 39/51 MP: 5/5
  3173 | D:3      | Reached XP level 6. HP: 45/58 MP: 6/6
  3373 | D:3      | Reached skill level 7 in Fighting
  3588 | D:3      | Noticed Terence
  3595 | D:3      | Killed Terence
  4139 | D:4      | Reached skill level 1 in Armour
  4139 | D:4      | Reached XP level 7. HP: 30/67 MP: 7/7
  4396 | D:4      | Noticed Duvessa
  4396 | D:4      | Noticed Dowan
  4406 | D:4      | Gained mutation: Your flesh is cold resistant. (rC+)
                  | [potion of mutation]
  4406 | D:4      | Gained mutation: You are dopey. (Int -2) [potion of
                  | mutation]
  4418 | D:4      | Killed Duvessa
  4419 | D:4      | Reached skill level 8 in Fighting
  4425 | D:4      | Killed Dowan
  5189 | D:5      | Entered Level 5 of the Dungeon
  5239 | D:5      | Noticed Ijyb
  5267 | D:5      | Killed Ijyb
  5268 | D:5      | Reached XP level 8. HP: 62/77 MP: 8/8
  5423 | D:5      | Reached skill level 9 in Fighting
  5433 | D:5      | Noticed Blork the orc
  5446 | D:5      | Killed Blork the orc
  5841 | D:6      | Found a staircase to the Ecumenical Temple.
  5855 | Temple   | Entered the Ecumenical Temple
  6384 | D:6      | Became a worshipper of Beogh the Brigand
  6384 | D:6      | Reached * piety under Beogh
  6384 | D:6      | Reached ** piety under Beogh
  6428 | D:6      | Reached skill level 10 in Fighting
  6481 | D:6      | Found a runed translucent door.
  6484 | D:6      | Noticed bjvrkvb's ghost (novice SpEn)
  6798 | D:6      | Reached skill level 1 in Invocations
  7033 | D:6      | Reached XP level 9. HP: 80/86 MP: 10/10
  7056 | D:6      | Killed bjvrkvb's ghost
  7201 | D:7      | Reached skill level 5 in Armour
  7436 | D:7      | Noticed Maggie
  7457 | D:7      | Killed Maggie
  7458 | D:7      | Reached skill level 11 in Fighting
  7677 | D:7      | Noticed Pikel
  7680 | D:7      | Killed Pikel
  7681 | D:7      | Reached skill level 5 in Invocations
  8005 | D:7      | Noticed Harold
  8019 | D:7      | Killed Harold
  8020 | D:7      | Reached skill level 12 in Fighting
  8020 | D:7      | Reached XP level 10. HP: 64/97 MP: 13/15
  8475 | D:8      | Noticed a deep elf pyromancer
  8506 | D:7      | Killed a deep elf pyromancer
  8719 | D:7      | Reached skill level 10 in Axes
  8960 | D:8      | Noticed Gastronok
  9420 | D:8      | Killed Gastronok
  9466 | D:8      | Noticed Maurice
  9648 | D:8      | Killed Maurice
  9649 | D:8      | Reached skill level 13 in Fighting
  9874 | D:8      | Found a staircase to the Lair.
  9875 | D:8      | Noticed a death yak
  9899 | D:8      | Killed a death yak
  9900 | D:8      | Reached XP level 11. HP: 52/107 MP: 10/18
 10751 | D:8      | Noticed Psyche
 10765 | D:8      | Killed Psyche
 11172 | D:8      | Found an ancient bone altar of Kikubaaqudgha.
 11184 | D:8      | Reached skill level 10 in Invocations
 12081 | D:9      | Noticed a two-headed ogre
 12088 | D:9      | Killed a two-headed ogre
 12453 | D:9      | Found Lasouc's Magic Scroll Shoppe.
 12465 | D:9      | Bought a scroll of summoning for 114 gold pieces
 12583 | D:9      | Noticed Grum
 12588 | D:9      | Reached skill level 14 in Fighting
 12608 | D:9      | Killed Grum
 13161 | D:10     | Entered Level 10 of the Dungeon
 13239 | D:10     | Identified the +5 robe of Privacy {Dex+5}
 13261 | D:10     | Found a blossoming altar of Fedhas.
 14250 | D:11     | Reached *** piety under Beogh
 14286 | D:11     | Noticed an orc sorcerer
 14603 | D:11     | Was placed under penance by Beogh
 14610 | D:11     | Killed an orc sorcerer
 14707 | D:11     | Found a staircase to the Orcish Mines.
 14760 | D:11     | Noticed a two-headed ogre
 14766 | D:11     | Killed a two-headed ogre
 14802 | D:11     | Noticed Bogric
 14837 | D:11     | Noticed Gorm
 14837 | D:11     | Noticed an orc sorcerer
 14843 | D:12     | Paralysed by an orc sorcerer for 3 turns
 15213 | D:12     | HP: 2/110 [komodo dragon (12)]
 15214 | D:12     | Slain by a komodo dragon

Illustrated notes

Levels and vault maps discovered:
D:1:      onia_arrival_zoo_common, layout_rooms,
          hellmonk_ecumenical_altar_lost_god
D:2:      minmay_angry_zag, layout_rooms, serial_rivers,
          chequers_serial_rivers_room_b, chequers_serial_rivers_large_b,
          chequers_serial_rivers_micro_a, chequers_serial_rivers_room_b,
          chequers_serial_rivers_micro_c, minivault_5
D:3:      layout_basic, uniq_sigmund, uniq_terence
D:4:      layout_loops_corners, kennysheep_generic_room_8, uniq_duvessa
D:5:      layout_basic, uniq_ijyb, uniq_blork_the_orc
D:6:      layout_loops_cross, temple_statues, ebering_ghost_sewer_d
D:7:      layout_loops_ring, uniq_pikel, uniq_maggie, uniq_harold
D:8:      layout_layer_cave, lemuel_mausoleum_altar_kikubaaqudgha,
          david_lair_generic, minmay_crystal_water, uniq_gastronok, uniq_psyche,
          uniq_maurice
D:9:      layout_irregular_city, serial_undead, serial_undead_b,
          serial_undead_b, serial_undead_e, serial_undead_d, serial_shops, shop,
          minmay_between, uniq_grum
D:10:     layout_small_grid, fedhas_altar_1
D:11:     layout_layer_cave, zombieorc2_lemuel, minmay_misc_feat_cross,
          uniq_josephine
D:12:     layout_rooms, serial_aquarium, aquarium_bridge_straight
          [aquarium_subvault_bridge, aquarium_subvault_wall,
          aquarium_subvault_bridge, aquarium_subvault_window],
          aquarium_window_1, aquarium_window_corner, aquarium_window_3,
          aquarium_window_fake, aquarium_view_2a, aquarium_balcony_1b,
          aquarium_pool_corner, minmay_lizard_king
Temple:   mainiacjoe_temple_cubbyholes

Skill      XL: |  1  2  3  4  5  6  7  8  9 10 11 |
---------------+----------------------------------+-----
Fighting       | 4 5 6 7 8 10 12 13 14 | 14.5
Axes           | 6 7 8 9 10 11 | 11.6
Armour         | 1 3 4 6 7 8 |  8.2
Invocations    | 2 7 9 11 | 11.6
Dodging        | |  2.4
Stealth        | |  1.5

Action                   |  1- 3 |  4- 6 |  7- 9 | 10-12 || total
-------------------------+-------+-------+-------+-------++-------
Melee: Hand axe          |   113 |    51 |       |    25 ||   189
       Short sword       |       |    52 |   251 |   594 ||   897
       War axe           |       |       |    47 |       ||    47
Invok: Convert to Beogh  |       |       |     1 |       ||     1
       Smiting           |       |       |     2 |     4 ||     6
Evoke: Wand              |       |       |    13 |    24 ||    37
  Use: Scroll            |       |     3 |     5 |     8 ||    16
       Potion            |       |     2 |     4 |     3 ||     9
 Stab: Sleeping          |     2 |     1 |       |       ||     3
       Paralysed         |       |       |       |     4 ||     4
       Betrayed ally     |       |       |       |     1 ||     1
Armor: Robe              |    12 |       |       |       ||    12
       Ring mail         |    20 |    23 |       |       ||    43
       Chain mail        |       |     7 |   117 |       ||   124
       Plate armour      |       |       |       |   275 ||   275
Dodge: Dodged            |    70 |    48 |   132 |   250 ||   500

Table legend: (Time is in decaauts)
 A = Elapsed time spent in this place.
 B = Non-inter-level travel time spent in this place.
 C = Inter-level travel time spent in this place.
 D = Time resting spent in this place.
 E = Time spent auto-exploring this place.
 F = Levels seen in this place.
 G = Mean time per level.
                   A        B        C        D        E       F      G
               +--------+--------+--------+--------+--------+-----+--------+
         Total |  15067 |  14502 |    565 |   2195 |   9911 |  13 | 1159.0 |
       Dungeon |  14724 |  14212 |    512 |   2195 |   9622 |  12 | 1227.0 |
        Temple |    342 |    289 |     53 |      0 |    289 |   1 |  342.0 |
               +--------+--------+--------+--------+--------+-----+--------+

Top non-repeatable levels by time:
     D:7: 2404 daAuts
     D:8: 2373 daAuts
     D:1: 2040 daAuts
     D:4: 1427 daAuts
     D:9: 1150 daAuts
    D:10: 1128 daAuts
     D:2: 968 daAuts
     D:6: 956 daAuts
     D:3: 769 daAuts
     D:5: 635 daAuts
    D:11: 507 daAuts
    D:12: 363 daAuts
  Temple: 342 daAuts
